AoeStats
← Pontos

Four Lakes

509166068Analyzed
1v1 RM · 8d ago on Sep 25, 2026· 23m 35s· 2 players
Game mode
Random Map
Map size
Tiny (2 player)
Population
200
Speed
Normal
Resources
Standard
Victory
Conquest
Starting age
Dark Age
Ending age
Imperial Age
RankedLock teamsTeams togetherTeam positionsShared explorationLock speedFull tech treeHidden civsTurbo modeCheats
Victory
Defeat
🇷🇺 Turks · Russia
621
+14
🇫🇷 Bohemians · France
572
-14
Blidonaque
12:38 Feudal Age
13:26 Man-at-Arms
15:04 Forging
20:18 Scale Mail Armor
Pontos
14:58 Feudal Age
17:25 Wheelbarrow
17:57 Forging
22:45 Scale Barding Armor
22:32 Arson
22:07 Man-at-Arms
Connection lost

Rejoining the realm…

Still unreachable

The connection could not be restored.

Session expired

The server has moved on; the page needs a fresh start.